Unix NetHack Version 3.7.0-80 Work-in-progress - last build Mar 20 2023 14:09:10 (4d3a4a9e917c0f86d3594936c235e576342b1c4a,branch:master). Game began 2023-03-24 12:40:32, ended 2023-03-24 13:58:38. 9629, chaotic male human Rogue ----------------------------- |...`|.........%`...........| |....|0....----------------|| |..........| |........d| |....|0....| |.........| |..0.|`....| |.........| |-.--------- |.........| |..%.|....| |....<....| |.........--- |.........| |...0|0....>| |.........| |....|....--- |.........| ----------- ----------- 9629 the Rogue St:15 Dx:18 Co:14 In:11 Wi:10 Ch:10 Chaotic Dlvl:5 $:1589 HP:0(42) Pw:20(20) AC:4 Xp:6/546 T:4378 Satiated Fly Latest messages: In what direction? The dagger hits the mumak. You have no ammunition readied. What do you want to fire? You ready: z - an elven dagger. In what direction? The elven dagger misses the mumak. What do you want to write with? You write in the dust with your fingertip. Something is written here in the dust. You read: "ElbereGh". You see no objects here. What do you want to write with? Do you want to add to the current engraving? [ynq] (y) You wipe out the message that was written in the dust here. You write in the dust with your fingertip. Something is written here in the dust. You read: "Elbereth". You see no objects here. You see here a pony corpse. x - 5 +0 daggers (at the ready). w - 5 daggers. You see here an elven dagger. z - an elven dagger. In what direction? You throw 3 daggers. The 1st dagger hits the mumak. The 2nd dagger hits the mumak. You kill the mumak! There is a mumak corpse here; eat it? [ynq] (n) This mumak corpse is fatty. You finish eating the mumak corpse. x - 2 +0 daggers (at the ready) (4 in total). S - a scroll labeled PHOL ENDE WODAN. There is nothing here to pick up. You see here a +0 dagger. x - a +0 dagger (at the ready) (5 in total). You see here a pony corpse. Something is written here in the dust. You read: "E??eretn". The winter wolf cub breathes frost! The blast of frost hits you! One of your black potions freezes and shatters! Your bubbly potion freezes and shatters! You hear the howling of the CwnAnnwn... The blast of frost bounces! The blast of frost hits you! You die... Do you want your possessions identified? [ynq] (y) Do you want to see your attributes? [ynq] (y) Inventory: Coins $ - 1589 gold pieces Amulets A - an uncursed amulet of flying (being worn) Weapons w - 5 +0 daggers x - 5 +0 daggers (at the ready) z - a blessed +1 elven dagger a - a +0 short sword (weapon in hand) Armor l - an uncursed +0 pair of speed boots (being worn) I - an uncursed +0 pair of water walking boots t - an uncursed +0 dwarvish cloak (being worn) s - an uncursed +0 mummy wrapping u - an uncursed +0 mummy wrapping p - an uncursed +0 elven mithril-coat (being worn) Comestibles g - 3 uncursed food rations H - an uncursed fortune cookie k - 2 uncursed tripe rations v - an uncursed lizard corpse Scrolls C - an uncursed scroll of confuse monster y - a cursed scroll of create monster r - an uncursed scroll of destroy armor i - 2 uncursed scrolls of earth m - a blessed scroll of teleportation S - an uncursed scroll of teleportation Potions E - an uncursed potion of gain level B - an uncursed potion of healing J - an uncursed potion of restore ability M - a blessed potion of see invisible d - an uncursed potion of sickness h - an uncursed potion of sleeping Rings G - a cursed ring of aggravate monster named cursed R - an uncursed ring of conflict O - a cursed -1 ring of increase accuracy named cursed K - a cursed ring of polymorph named cursed F - an uncursed ring of sustain ability (on right hand) Wands Q - a wand of cold (0:6) o - a wand of digging (0:4) N - a wand of magic missile (0:4) P - a wand of make invisible (0:2) j - a wand of secret door detection (0:14) n - a wand of striking (0:6) Tools f - an empty uncursed sack e - an uncursed lock pick 9629 the Rogue's attributes: Background: You were a Rogue, level 6 male human. You were chaotic, nominally on a mission for Kos who was opposed by Issek (lawful) and Mog (neutral). You were in Sokoban, on level 5. You entered the dungeon 4378 turns ago. There was a new moon in effect when your adventure ended. You had 546 experience points, 94 more were needed to attain level 7. Basics: You had 0 out of 42 hit points. You had all 20 energy points (spell power). Your armor class was 4. Your wallet contained 1589 zorkmids. Autopickup was off. Final Characteristics: Your strength was 15 (limit:18/100). Your dexterity was 18 (limit:18). Your constitution was 14 (limit:18). Your intelligence was 11 (limit:18). Your wisdom was 10 (limit:18). Your charisma was 10 (limit:18). Final Status: You were flying. You were satiated. You were unencumbered. You were wielding a short sword. You had basic skill with short sword and could have enhanced that. Final Attributes: You were piously aligned. You were telepathic. You were invisible. You were stealthy. You were guarded. You were very fast. You had fixed abilities. You are dead. Miscellaneous: You never encountered a bones level. Total elapsed playing time was 54 minutes and 21 seconds. Major events: Turn 1: 9629 the chaotic male human Rogue entered the dungeon 1149: entered the Gnomish Mines 1173: attained the rank of Cutpurse (level 3) 2931: entered Sokoban 3165: completed 1st Sokoban level 3551: attained the rank of Rogue (level 6) 4255: completed 2nd Sokoban level 4378: killed by a blast of frost exhaled by a winter wolf cub Vanquished creatures: an iron piercer a mumak a vampire bat an orc mummy a lizard a dingo a snake a rock piercer a rock mole a pony a fog cloud 3 yellow lights a violet fungus a gnome leader a kobold mummy 2 floating eyes a kitten 2 dwarves 3 rothes a rabid rat a giant bat 3 killer bees 2 gas spores 3 hobbits a hobgoblin 4 giant rats a brown mold a green mold 2 red molds 5 gnomes 2 gnome zombies 3 geckos 2 jackals a fox 2 kobolds a goblin 2 grid bugs 3 bats 3 lichens a kobold zombie 3 newts 72 creatures vanquished. No species were genocided or became extinct. Voluntary challenges: You were an atheist. You read items or engraved 15 times. You engraved Elbereth 9 times. You never genocided any monsters. You never polymorphed an object. You never changed form. You used no wishes. You did not violate any of the special Sokoban rules. Achievements: You entered a shop. You entered the Gnomish Mines. You attained the rank of Cutpurse. You entered Sokoban. You attained the rank of Rogue. The Dungeons of Doom: levels 1 to 8 Level 1: Level 2: A fountain. Level 3: A general store. Level 4: Stairs down to The Gnomish Mines. Level 5: "pickaxe" Level 6: Level 7: A fountain. Stairs up to Sokoban, level 6. Level 8: The Gnomish Mines: Level 5: Sokoban: levels 6 up to 5 Level 5: <- You were here. Solved. Final resting place for you, killed by a blast of frost exhaled by a winter wolf cub. Level 6: Solved. Game over: ---------- / \ / REST \ / IN \ / PEACE \ / \ | 9629 | | 1589 Au | | killed by a | | blast of frost | | exhaled by a | | winter wolf cub | | 2023 | *| * * * | * _________)/\\_//(\/(/\)/\//\/|_)_______ Goodbye 9629 the Rogue... You died in Sokoban on dungeon level 5 with 3965 points, and 1589 pieces of gold, after 4378 moves. You were level 6 with a maximum of 42 hit points when you died.